 Dungeon Crawl Stone Soup version bcrawl-1.40.3b (webtiles) character file.

Game seed: 16720215568693862804

320397 Finalfun the Covert (level 13, -6/99 HPs)
             Began as a Gnoll Archaeologist on Mar 22, 2024.
             Was an Initiate of Gozag.
             Mangled by a crocodile (10 damage)
             ... on level 5 of the Lair of Beasts.
             The game lasted 00:40:17 (20158 turns).

Finalfun the Covert (Gnoll Archaeologist)          Turns: 20158, Time: 00:40:17

Health: -6/99      AC: 24    Str: 21    XL:     13   Next: 39%
Magic:  25/25      EV: 11    Int:  9    God:    Gozag
Gold:   2653       SH:  2    Dex: 14    Spells: 28/28 levels left

rFire    . . .     GDR:     32% N - +1 long sword (freeze)
rCold    . . .     SeeInvis +   (no shield)
rNeg     + . .     Gourm    .   S - +1 plate armour {MR+}
rPois    .         Faith    .   Q - +2 hat {SInv}
rElec    +         Spirit   .   H - +0 cloak
rCorr    +         Reflect  .   u - +2 pair of gloves {Str+3}
MR       +....     Clarity  +   A - +2 pair of boots
Stlth    ..........             t - amulet of rage
HPRegen  0.26/turn              K - ring of resist corrosion
MPRegen  0.19/turn              B - ring of Xyxa {+Fly rElec rN+ Int-4}

@: lethally poisoned (-6 -> -21), gold aura
A: distributed training, fangs 1, horns 1, clarity, dopey 2, strong nose
a: Potion Petition, Call Merchant, Bribe Branch, Renounce Religion, Evoke
Berserk Rage, Evoke Flight


You were on level 5 of the Lair of Beasts.
You worshipped Gozag.
Gozag was most pleased with you.
You were near starving.

You visited 2 branches of the dungeon, and saw 14 of its levels.

You collected 3454 gold pieces.
You paid 801 gold pieces to Gozag.

Inventory:

Hand Weapons
 a - a +0 dagger of venom
 b - a +0 blowgun
 x - a +0 dagger of holy wrath
 N - a +1 long sword of freezing (weapon)
Missiles
 f - 5 curare-tipped needles
 l - 2008 stones
 p - 378 arrows
 q - 247 poisoned needles
 y - 156 javelins
 M - 51 poisoned tomahawks (quivered)
Armour
 u - a +2 pair of gloves of strength (worn)
 A - a +2 pair of boots (worn)
 H - a +0 cloak (worn)
 Q - a +2 hat of see invisible (worn)
 S - a +1 plate armour of magic resistance (worn)
Jewellery
 t - an amulet of rage (around neck)
 B - the ring of Xyxa (right hand) {+Fly rElec rN+ Int-4}
   (You found it on level 6 of the Dungeon)

   [ring of flight]

   It affects your intelligence (-4).
   It insulates you from electricity.
   It protects you from negative energy.
   It lets you fly.
 K - a ring of resist corrosion (left hand)
 R - an uncursed ring of wizardry
 Y - an uncursed ring of see invisible
Wands
 o - a wand of acid (6)
 r - a wand of clouds (4)
 F - a wand of flame (22)
 L - a wand of scattershot (1)
 O - a wand of polymorph (17)
 T - a wand of disintegration (9)
 V - a wand of paralysis (7)
Scrolls
 g - a scroll of revelation
 h - 2 scrolls of teleportation
 i - a scroll of identify
 k - 2 scrolls of blinking
 n - 3 scrolls of fear {unknown}
 s - 2 scrolls of enchant armour {unknown}
 w - 6 scrolls of remove curse
 C - 3 scrolls of fog {unknown}
 D - 2 scrolls of enchant weapon {unknown}
 G - a scroll of torment {unknown}
 I - 3 scrolls of noise {unknown}
 J - 2 scrolls of immolation {unknown}
 W - 4 scrolls of amnesia {unknown}
Potions
 d - a potion of resistance {unknown}
 j - 2 potions of cancellation
 m - a potion of lignification {unknown}
 v - a potion of brilliance
 z - 3 potions of mutation
 E - 3 potions of haste
 P - a potion of flight
 U - 2 potions of heal wounds
 X - a potion of might {unknown}
Comestibles
 e - 17 rations {!d}


   Skills:
 + Level 8.5 Fighting
 + Level 8.1 Short Blades
 + Level 8.1 Long Blades
 + Level 8.1 Axes
 + Level 8.5 Maces & Flails
 + Level 8.1 Polearms
 + Level 8.1 Staves
 + Level 8.1 Slings
 + Level 8.1 Bows
 + Level 8.1 Crossbows
 + Level 8.1 Throwing
 + Level 8.1 Armour
 + Level 10.4 Dodging
 + Level 10.4 Stealth
 + Level 8.1 Shields
 + Level 8.1 Unarmed Combat
 + Level 8.1 Spellcasting
 + Level 6.7 Conjurations
 + Level 6.7 Hexes
 + Level 6.7 Charms
 + Level 6.7 Summonings
 + Level 6.7 Necromancy
 + Level 6.7 Translocations
 + Level 6.7 Transmutations
 + Level 6.7 Fire Magic
 + Level 6.7 Ice Magic
 + Level 6.7 Air Magic
 + Level 6.7 Earth Magic
 + Level 6.7 Poison Magic
 + Level 8.9 Invocations
 + Level 8.1 Evocations


You had 28 spell levels left.
You didn't know any spells.
Your spell library contained the following spells:

 Spells                   Type           Power        Failure   Level  Hunger
 Sandblast                Erth           ###...       19%         1    None
 Passwall                 Tmut/Erth      ###.....     28%         2    None
 Stone Arrow              Conj/Erth      ###...       50%         3    None
 Petrify                  Tmut/Erth      ###.......   88%         4    ###....
 Lee's Rapid Deconstruct  Erth           ###.......   99%         5    #####..


Dungeon Overview and Level Annotations

Branches:
Dungeon (8/12)             Temple (0/1) D:7            Lair (6/6) D:7
  Snake (0/3) Lair:3       Spider (0/3) Lair:3       Forest (0/3) Lair:6
    Orc: D:8-11

Altars:
Dithmenos
Gozag
Makhleb
Nemelex Xobeh
Ru
Trog
Vehumet
Xom
The Shining One

Shops:
D:7 [   D:8 %

Annotations:
D:5 3 runed translucent doors, Finalfun's ghost, novice GnAc
D:7 exclusion: statue
D:8 exclusion: ice statue
Lair:1 exclusion: 3 oklob plants
Lair:5 exclusion: 4 oklob plants


Innate Abilities, Weirdness & Mutations

Your experience applies equally to all skills.
You have very sharp teeth.
Your uncanny sense of smell can sniff out nearby items.
You have a pair of small horns on your head.
You possess an exceptional clarity of mind.
You are very dopey. (Int -4)


Message History

The crocodile bites you but does no damage.
You block the blink frog's attack. The cane toad hits you.
* * * LOW HITPOINT WARNING * * *
You slash the cane toad!
The cane toad seems to slow down.
You freeze the cane toad. You headbutt the cane toad.
The cane toad is severely wounded.
* * * LOW HITPOINT WARNING * * *
You feel sick.
The blink frog blinks!
The crocodile barely misses you. You block the cane toad's attack.
Your plate armour prevents you from hitting the cane toad.
The cane toad is severely wounded.
* * * LOW HITPOINT WARNING * * *
You feel sick. The crocodile bites you!
* * * LOW HITPOINT WARNING * * *
You hit the cane toad. You freeze the cane toad. You bite the cane toad.
You kill the cane toad!
* * * LOW HITPOINT WARNING * * *
You feel sick. The crocodile bites you!
You die...
Your body crumbles into a pile of gold.

...##.####.....P.#####......#....
...#..#.##.........####.....#PP.#
..##P...###...........#....#..P..
...#....+......P.....###.........
................#....###...#.....
...#....+......###.##.......###..
...#.#####.....#.####..#....###.#
...#.######....#$#####...........
..P#..#..#......@tF..............
...P............§................
..............>..................
.................................
......P........P.................
......P..........P...P...........
......P.P............≈≈P.........
...P...#..........≈≈≈≈≈≈.........
.##..#.###....PP≈≈≈≈≈≈≈≈.....P#.+


You could see a blink frog and a crocodile.

Vanquished Creatures
  3 hydras
  A lindwurm (Lair:4)
  7 elephants
  An orb spider (Lair:3)
  6 black mambas
  3 rime drakes
  14 cane toads
  2 kobold demonologists (D:8)
  An eye of draining (D:8)
  6 komodo dragons
  Maurice (D:8)
  2 polar bears
  A troll (D:8)
  8 blink frogs
  5 hippogriffs
  A wyvern (Lair:4)
  27 yaks
  A vampire mosquito (Lair:5)
  A basilisk (Lair:2)
  A hungry ghost (D:6)
  Menkaure (D:6)
  14 water moccasins
  6 crocodiles
  8 porcupines
  A hornet zombie (D:8)
  A phantom (D:4)
  An ice beast (D:8)
  3 sky beasts
  A necrophage (D:4)
  An ogre (D:8)
  11 wolves
  7 bullfrogs
  2 kobold brigands
  3 scorpions
  A wyvern skeleton (D:8)
  6 wights
  2 howler monkeys (D:7)
  4 orc priests
  A jelly (D:8)
  An electric eel (Lair:4)
  6 crimson imps
  A bullfrog zombie (D:5)
  A gnoll shaman (D:4)
  A quasit (D:4)
  2 hounds
  4 orc wizards
  5 worker ants
  A worker ant zombie (D:7)
  7 gnolls
  13 adders
  5 ufetubi (D:8)
  3 adder skeletons
  An adder zombie (D:8)
  A worm (D:4)
  6 leopard geckos
  28 orcs
  3 giant cockroaches
  10 hobgoblins
  30 jackals
  17 kobolds
  5 quokkas
  2 ball pythons
  2 bats (D:2)
  3 frilled lizards
  5 goblins
  A quokka skeleton (D:4)
  4 rats
334 creatures vanquished.

Vanquished Creatures (others)
  9 fungi
  22 plants
31 creatures vanquished.

Grand Total: 365 creatures vanquished

Notes
Turn   | Place    | Note
-------+----------+-------------------------------------------
     0 | D:1      | Finalfun the Gnoll Archaeologist began the quest for the
                  | Orb.
     0 | D:1      | Reached XP level 1. HP: 17/17 MP: 1/1
   320 | D:1      | Reached XP level 2. HP: 23/23 MP: 2/2
  1057 | D:2      | Reached XP level 3. HP: 28/28 MP: 3/3
  1262 | D:2      | Reached skill level 1 in Invocations
  1713 | D:3      | Reached skill level 1 in Short Blades
  1713 | D:3      | Reached skill level 1 in Long Blades
  1713 | D:3      | Reached skill level 1 in Axes
  1713 | D:3      | Reached skill level 1 in Polearms
  1713 | D:3      | Reached skill level 1 in Staves
  1713 | D:3      | Reached skill level 1 in Slings
  1713 | D:3      | Reached skill level 1 in Bows
  1713 | D:3      | Reached skill level 1 in Crossbows
  1713 | D:3      | Reached skill level 1 in Throwing
  1713 | D:3      | Reached skill level 1 in Armour
  1713 | D:3      | Reached skill level 1 in Shields
  1713 | D:3      | Reached skill level 1 in Unarmed Combat
  1713 | D:3      | Reached skill level 1 in Spellcasting
  1713 | D:3      | Reached skill level 1 in Evocations
  1721 | D:3      | Found a radiant altar of Vehumet.
  1755 | D:3      | Reached XP level 4. HP: 20/34 MP: 5/5
  1868 | D:3      | Reached skill level 1 in Conjurations
  1868 | D:3      | Reached skill level 1 in Hexes
  1868 | D:3      | Reached skill level 1 in Charms
  1868 | D:3      | Reached skill level 1 in Summonings
  1868 | D:3      | Reached skill level 1 in Necromancy
  1868 | D:3      | Reached skill level 1 in Translocations
  1868 | D:3      | Reached skill level 1 in Transmutations
  1868 | D:3      | Reached skill level 1 in Fire Magic
  1868 | D:3      | Reached skill level 1 in Ice Magic
  1868 | D:3      | Reached skill level 1 in Air Magic
  1868 | D:3      | Reached skill level 1 in Earth Magic
  1868 | D:3      | Reached skill level 1 in Poison Magic
  2155 | D:3      | Reached XP level 5. HP: 40/40 MP: 6/6
  2155 | D:3      | Identified a scroll of acquirement
  2161 | D:3      | Identified the Guide on Entrancing Orientation (You
                  | acquired it on level 3 of the Dungeon)
  2653 | D:3      | Found a shimmering altar of Xom.
  3003 | D:4      | Found a shadowy altar of Dithmenos.
  3003 | D:4      | Found an opulent altar of Gozag.
  3012 | D:4      | Became a worshipper of Gozag Ym Sagoz the Greedy
  3038 | D:4      | Noticed a phantom
  3169 | D:4      | Killed a phantom
  3170 | D:4      | Reached XP level 6. HP: 20/47 MP: 8/8
  3266 | D:4      | Noticed a necrophage
  3796 | D:4      | Reached XP level 7. HP: 10/52 MP: 10/10
  4145 | D:4      | Found a bloodstained altar of Trog.
  4580 | D:5      | Entered Level 5 of the Dungeon
  4745 | D:5      | Noticed Finalfun's ghost (novice GnAc)
  4747 | D:5      | Found a runed translucent gate.
  4747 | D:5      | Found a runed translucent gate.
  4747 | D:5      | Found a runed translucent gate.
  4893 | D:5      | Reached XP level 8. HP: 29/60 MP: 12/12
  5019 | D:5      | Found a sparkling altar of Nemelex Xobeh.
  5360 | D:5      | Noticed a troll
  5990 | D:6      | Noticed Menkaure
  6597 | D:6      | Found a shimmering altar of Xom.
  6641 | D:6      | Got a warped turquoise ring
  6901 | D:6      | Killed Menkaure
  6902 | D:6      | Reached XP level 9. HP: 14/66 MP: 14/14
  7079 | D:6      | Identified the ring of Xyxa {+Fly rElec rN+ Int-4} (You
                  | found it on level 6 of the Dungeon)
  7189 | D:7      | Found a burning altar of Makhleb.
  7371 | D:7      | Noticed an elephant
  7390 | D:7      | Killed an elephant
  7452 | D:7      | Found a staircase to the Lair.
  7740 | D:7      | Noticed a dryad
  7744 | Lair:1   | Entered Level 1 of the Lair of Beasts
  7744 | Lair:1   | Noticed a cane toad
  7773 | Lair:1   | Gained mutation: You are dopey. (Int -2) [potion of
                  | mutation]
  7773 | Lair:1   | Gained mutation: You have a pair of small horns on your
                  | head. [potion of mutation]
  7773 | Lair:1   | Gained mutation: You are very dopey. (Int -4) [potion of
                  | mutation]
  7773 | Lair:1   | Gained mutation: You possess an exceptional clarity of
                  | mind. [potion of mutation]
  7773 | Lair:1   | HP: 2/67 [cane toad (4)]
  7775 | Lair:1   | Killed a cane toad
  7776 | Lair:1   | Reached skill level 5 in Fighting
  7776 | Lair:1   | Reached skill level 5 in Maces & Flails
  7965 | Lair:1   | Noticed a komodo dragon
  8053 | D:7      | Found a staircase to the Ecumenical Temple.
  8144 | D:7      | Found Jeulemum's Antique Armour Emporium.
  8274 | D:7      | Reached skill level 5 in Invocations
  8613 | D:7      | Found a sacrificial altar of Ru.
  8889 | D:8      | Noticed Maurice
  9180 | D:8      | Noticed an eye of draining
  9196 | D:8      | Killed an eye of draining
  9197 | D:8      | Reached XP level 10. HP: 62/74 MP: 12/17
  9440 | D:8      | Found Poaw's Food Boutique.
 10109 | D:8      | Killed Maurice
 10110 | D:8      | Reached skill level 5 in Short Blades
 10110 | D:8      | Reached skill level 5 in Long Blades
 10110 | D:8      | Reached skill level 5 in Axes
 10110 | D:8      | Reached skill level 5 in Polearms
 10110 | D:8      | Reached skill level 5 in Staves
 10110 | D:8      | Reached skill level 5 in Slings
 10110 | D:8      | Reached skill level 5 in Bows
 10110 | D:8      | Reached skill level 5 in Crossbows
 10110 | D:8      | Reached skill level 5 in Throwing
 10110 | D:8      | Reached skill level 5 in Armour
 10110 | D:8      | Reached skill level 5 in Shields
 10110 | D:8      | Reached skill level 5 in Unarmed Combat
 10110 | D:8      | Reached skill level 5 in Spellcasting
 10110 | D:8      | Reached skill level 5 in Evocations
 10333 | D:8      | Found a glowing golden altar of the Shining One.
 11132 | D:8      | Noticed an ice statue
 11144 | D:8      | Noticed a kobold demonologist
 11148 | D:8      | Noticed a kobold demonologist
 11158 | D:8      | Killed a kobold demonologist
 11160 | D:8      | Killed a kobold demonologist
 11819 | Lair:1   | Noticed a black mamba
 11831 | Lair:1   | Killed a black mamba
 11920 | Lair:1   | Noticed an oklob plant
 11960 | Lair:1   | Noticed a cane toad
 11995 | Lair:1   | Killed a cane toad
 12269 | Lair:1   | Reached XP level 11. HP: 76/82 MP: 19/19
 12557 | Lair:1   | Noticed an oklob plant
 12588 | Lair:1   | Noticed an oklob plant
 13110 | Lair:2   | Reached skill level 5 in Conjurations
 13110 | Lair:2   | Reached skill level 5 in Hexes
 13110 | Lair:2   | Reached skill level 5 in Charms
 13110 | Lair:2   | Reached skill level 5 in Summonings
 13110 | Lair:2   | Reached skill level 5 in Necromancy
 13110 | Lair:2   | Reached skill level 5 in Translocations
 13110 | Lair:2   | Reached skill level 5 in Transmutations
 13110 | Lair:2   | Reached skill level 5 in Fire Magic
 13110 | Lair:2   | Reached skill level 5 in Ice Magic
 13110 | Lair:2   | Reached skill level 5 in Air Magic
 13110 | Lair:2   | Reached skill level 5 in Earth Magic
 13110 | Lair:2   | Reached skill level 5 in Poison Magic
 14600 | Lair:2   | Noticed a five-headed hydra
 14610 | Lair:2   | Killed a five-headed hydra
 15052 | Lair:3   | Reached XP level 12. HP: 75/91 MP: 22/22
 15208 | Lair:3   | Found a staircase to the Snake Pit.
 15847 | Lair:3   | Found a hole to the Spider Nest.
 16555 | Lair:4   | Noticed a seven-headed hydra
 16801 | Lair:4   | Noticed an eight-headed hydra
 17579 | Lair:4   | Killed a seven-headed hydra
 17580 | Lair:4   | Reached skill level 10 in Dodging
 17580 | Lair:4   | Reached skill level 10 in Stealth
 18091 | Lair:4   | Killed an eight-headed hydra
 18135 | Lair:4   | Reached XP level 13. HP: 98/98 MP: 24/24
 19807 | Lair:6   | Entered Level 6 of the Lair of Beasts
 19968 | Lair:5   | HP: 2/99 [bullfrog (4)]
 20158 | Lair:5   | HP: 4/99 [poisoned by a cane toad]
 20158 | Lair:5   | Mangled by a crocodile

Skill      XL: |  1  2  3  4  5  6  7  8  9 10 11 12 13 |
---------------+----------------------------------------+-----
Invocations    | 1 2 3 4 5 6 7 8 |  8.9
Short Blades   | 1 2 3 4 5 6 7 8 |  8.1
Long Blades    | 1 2 3 4 5 6 7 8 |  8.1
Axes           | 1 2 3 4 5 6 7 8 |  8.1
Polearms       | 1 2 3 4 5 6 7 8 |  8.1
Staves         | 1 2 3 4 5 6 7 8 |  8.1
Slings         | 1 2 3 4 5 6 7 8 |  8.1
Bows           | 1 2 3 4 5 6 7 8 |  8.1
Crossbows      | 1 2 3 4 5 6 7 8 |  8.1
Throwing       | 1 2 3 4 5 6 7 8 |  8.1
Armour         | 1 2 3 4 5 6 7 8 |  8.1
Shields        | 1 2 3 4 5 6 7 8 |  8.1
Unarmed Combat | 1 2 3 4 5 6 7 8 |  8.1
Spellcasting   | 1 2 3 4 5 6 7 8 |  8.1
Evocations     | 1 2 3 4 5 6 7 8 |  8.1
Conjurations   | 1 2 3 4 5 6 |  6.7
Hexes          | 1 2 3 4 5 6 |  6.7
Charms         | 1 2 3 4 5 6 |  6.7
Summonings     | 1 2 3 4 5 6 |  6.7
Necromancy     | 1 2 3 4 5 6 |  6.7
Translocations | 1 2 3 4 5 6 |  6.7
Transmutations | 1 2 3 4 5 6 |  6.7
Fire Magic     | 1 2 3 4 5 6 |  6.7
Ice Magic      | 1 2 3 4 5 6 |  6.7
Air Magic      | 1 2 3 4 5 6 |  6.7
Earth Magic    | 1 2 3 4 5 6 |  6.7
Poison Magic   | 1 2 3 4 5 6 |  6.7
Fighting       | 3 4 5 6 7 8 |  8.5
Maces & Flails | 3 4 5 6 7 8 |  8.5
Dodging        | 7 8 9 10 | 10.4
Stealth        | 7 8 9 10 | 10.4

Action                   |  1- 3 |  4- 6 |  7- 9 | 10-12 | 13-15 || total
-------------------------+-------+-------+-------+-------+-------++-------
Melee: Whip              |   153 |       |       |       |       ||   153
       Punch             |     2 |     2 |     3 |    11 |     6 ||    24
       Bite              |    14 |    26 |    75 |    81 |    36 ||   232
       Dagger            |    11 |   225 |   661 |    78 |    56 ||  1031
       Headbutt          |       |       |    22 |   145 |    51 ||   218
       Long sword        |       |       |       |   666 |   151 ||   817
       Scimitar          |       |       |       |    67 |       ||    67
 Fire: Blowgun           |       |       |     5 |    12 |       ||    17
Throw: Stone             |       |    77 |     3 |    80 |       ||   160
       Tomahawk          |       |       |       |   108 |    13 ||   121
Invok: Potion Petition   |       |       |     3 |       |       ||     3
 Abil: Evoke Berserk Rag |       |       |     1 |     2 |     2 ||     5
Evoke: Wand              |       |       |       |     9 |       ||     9
  Use: Scroll            |       |     3 |     5 |     4 |     7 ||    19
       Potion            |       |       |     4 |     3 |     4 ||    11
 Stab: Sleeping          |     6 |     7 |       |       |       ||    13
       Distracted        |       |     1 |     1 |     1 |     1 ||     4
       Invisible         |       |       |     3 |       |       ||     3
  Eat: Chunk             |     7 |     5 |       |       |       ||    12
       Ration            |       |     2 |    10 |    15 |     3 ||    30
Armor: Robe              |    56 |    44 |       |       |       ||   100
       Chain mail        |       |    55 |   293 |   275 |       ||   623
       Plate armour      |       |       |       |   242 |   161 ||   403
Dodge: Dodged            |   160 |   161 |   254 |   454 |   131 ||  1160
Block: Other             |       |       |       |    40 |     6 ||    46
